 Dungeon Crawl Stone Soup version 0.24-a0-378-g94936e539c (webtiles) character file.

Game seed: 5450912177860042460

1403 breadhead the Covert (level 8, 0/52 HPs)
             Began as an Octopode Assassin on June 1, 2019.
             Was a Believer of Cheibriados.
             Slain by an orc wizard
             ... wielding a +0 dagger
              (3 damage)
             ... on level 5 of the Dungeon.
             The game lasted 00:12:02 (4512 turns).

breadhead the Covert (Octopode Assassin)            Turns: 4512, Time: 00:12:03

Health: 0/52       AC:  1    Str: 14    XL:     8   Next: 69%
Magic:  10/10      EV: 18    Int: 17    God:    Cheibriados [**....]
Gold:   216        SH:  0    Dex: 20    Spells: 7/7 levels left

rFire    + . .     SeeInvis .   u - +8 rapier of the Wolf {venom, +Inv rF+ rN+}
rCold    . . .     Gourm    .   (no shield)
rNeg     + . .     Faith    .   (helmet restricted)
rPois    .         Spirit   .   (no amulet)
rElec    .         Reflect  .   l - +3 ring of evasion
rCorr    .         Harm     .   (no ring)
MR       .....                  (no ring)
Stlth    +++++.....             (no ring)
HPRegen  0.17/turn              (no ring)
MPRegen  0.12/turn              (no ring)
                                (no ring)
                                (no ring)

@: very slightly contaminated, very slow
A: almost no armour, stealthy swim, amphibious, 8 rings, constrict 8, camouflage
1, gelatinous body 1
a: Bend Time, Renounce Religion, Evoke Invisibility


You were on level 5 of the Dungeon.
You worshipped Cheibriados.
Cheibriados was pleased with you.
You were hungry.

You visited 2 branches of the dungeon, and saw 6 of its levels.

You collected 216 gold pieces.

Inventory:

Hand Weapons
 a - a +3 dagger
 u - the +8 rapier of the Wolf (weapon) {venom, +Inv rF+ rN+}
   (You found it on level 4 of the Dungeon)

   It poisons the flesh of those it strikes.
   It protects you from fire.
   It protects you from negative energy.
   It lets you turn invisible.
Missiles
 b - 15 poisoned darts (quivered)
 c - a curare-tipped dart
 g - 8 boomerangs
 q - 2 atropa-tipped darts
 s - 5 datura-tipped darts
Jewellery
 l - a +3 ring of evasion (left tentacle)
Wands
 i - a wand of polymorph (12)
 m - a wand of paralysis (13)
Scrolls
 f - 3 scrolls of remove curse
 j - 2 scrolls of magic mapping
 o - 2 scrolls of enchant armour
 p - a scroll of noise {unknown}
 r - 2 scrolls of fog
Potions
 e - a potion of might {unknown}
 h - a potion of curing
 k - a potion of cancellation
 n - a potion of magic {unknown}
 t - a potion of ambrosia {unknown}
Comestibles
 d - 8 rations


   Skills:
 + Level 3.3 Fighting
 + Level 5.4 Short Blades
 + Level 4.4 Throwing
 + Level 3.0 Dodging
 + Level 9.2 Stealth
 * Level 3.5 Invocations
 * Level 2.9 Evocations


You had 7 spell levels left.
You didn't know any spells.
Your spell library was empty.

Dungeon Overview and Level Annotations

Branches:
Dungeon (5/15)             Temple (1/1) D:4

Altars:
Ashenzari
Cheibriados
Dithmenos
Elyvilon
Fedhas
Gozag
Hepliaklqana
Kikubaaqudgha
Makhleb
Nemelex Xobeh
Okawaru
Qazlal
Uskayaw
Vehumet
Yredelemnul
Zin


Innate Abilities, Weirdness & Mutations

You cannot wear most types of armour.
You are very stealthy in the water. (Stealth+)
You are amphibious.
You can wear up to eight rings at the same time.
You can use your tentacles to constrict eight enemies at once.
Your skin changes colour to match your surroundings (Stealth+).
Your rubbery body absorbs attacks. (AC +1, EV +1)


Message History

The ice beast is almost dead.
The ice beast hits you.
* * * LOW HITPOINT WARNING * * *
The ice beast freezes you!
* * * LOW HITPOINT WARNING * * *
You feel better. The ice beast misses you.
You puncture the ice beast!
You kill the ice beast!
Cheibriados appreciates the change of pace.
Your Dodging skill increases to level 3!
Something hits you.
* * * LOW HITPOINT WARNING * * *
You miss something. Your squeeze misses something.
You hit something but do no damage. You squeeze something! Something hits you.
* * * LOW HITPOINT WARNING * * *
You miss something. You hit the orc. Your grab misses the orc.
The orc is heavily wounded.
Something hits you.
You die...

###.....###.h...
####.........#
##.####.#.#
######.......#...
........###### ##
.######.##########
#.##.......# #o##.......#
##@)......(.#
####.....####.########
##.)..##.####.....#....
###
###..#####.###...........
$...####...##
#.<.....<.....^.
###.....####
###.............
#...#......##
#.............
#.##..Z.....##
##............
#..........#
..............


You could see an orc.

Vanquished Creatures
  Grinder (D:5)
  Menkaure (D:5)
  An ice beast (D:5)
  A phantom (D:5)
  4 ogres
  A bullfrog zombie (D:5)
  3 orc priests
  A bullfrog skeleton (D:5)
  2 hounds
  A gnoll shaman (D:4)
  3 orc wizards
  A worker ant (D:4)
  3 gnolls (D:4)
  5 adders (D:2)
  2 shadow imps (D:5)
  2 oozes
  An adder skeleton (D:5)
  5 worms
  2 dart slugs
  2 leopard geckos
  21 orcs
  3 ball pythons
  11 bats
  4 giant cockroaches
  5 goblins
  5 hobgoblins (D:1)
  2 jackals (D:4)
  11 kobolds
  4 quokkas
  4 frilled lizards
  A jackal skeleton (D:5)
  3 rats
116 creatures vanquished.

Notes
Turn   | Place    | Note
-------+----------+-------------------------------------------
     0 | D:1      | breadhead the Octopode Assassin began the quest for the
                  | Orb.
     0 | D:1      | Reached XP level 1. HP: 14/14 MP: 1/1
   128 | D:1      | Reached XP level 2. HP: 19/19 MP: 2/2
   131 | D:1      | Reached skill level 6 in Stealth
   399 | D:1      | Reached XP level 3. HP: 24/24 MP: 3/3
   927 | D:2      | Found an opulent altar of Gozag.
   942 | D:2      | Reached XP level 4. HP: 25/29 MP: 4/4
  1249 | D:2      | Found a sparkling altar of Nemelex Xobeh.
  1506 | D:2      | Reached skill level 7 in Stealth
  1770 | D:2      | Found a snail-covered altar of Cheibriados.
  2045 | D:2      | Became a worshipper of Cheibriados the Contemplative
  2103 | D:3      | You fall into a shaft and drop 1 floor!
  2175 | D:4      | Reached XP level 5. HP: 35/35 MP: 5/5
  2530 | D:3      | Found a white marble altar of Elyvilon.
  2586 | D:3      | Found a faded altar of an unknown god.
  3090 | D:4      | Got a scorched rapier
  3091 | D:4      | Noticed an ogre
  3091 | D:4      | Identified the +8 rapier of the Wolf {venom, +Inv rF+ rN+}
                  | (You found it on level 4 of the Dungeon)
  3099 | D:4      | Killed an ogre
  3099 | D:4      | Reached skill level 8 in Stealth
  3099 | D:4      | Reached skill level 1 in Invocations
  3099 | D:4      | Reached XP level 6. HP: 41/41 MP: 6/6
  3180 | D:4      | Reached * piety under Cheibriados
  3388 | D:4      | Reached XP level 7. HP: 45/45 MP: 8/8
  3534 | D:4      | Found a staircase to the Ecumenical Temple.
  3543 | Temple   | Entered the Ecumenical Temple
  3735 | D:4      | Found a shattered altar of Ashenzari.
  4031 | D:5      | Entered Level 5 of the Dungeon
  4032 | D:5      | Noticed Grinder
  4046 | D:5      | Killed Grinder
  4046 | D:5      | Reached skill level 1 in Evocations
  4220 | D:5      | Found a stormy altar of Qazlal.
  4223 | D:5      | Found a radiant altar of Vehumet.
  4253 | D:5      | Reached XP level 8. HP: 17/52 MP: 8/10
  4455 | D:5      | Noticed Menkaure
  4459 | D:5      | Killed Menkaure
  4469 | D:5      | Reached skill level 9 in Stealth
  4485 | D:5      | Reached ** piety under Cheibriados
  4497 | D:5      | Reached skill level 5 in Short Blades
  4512 | D:5      | Slain by an orc wizard

Levels and vault maps discovered:
D:1:      onia_arrival_pentagram, layout_basic, minmay_misc_feat_iff,
          grunt_decor_mini_mirrors
D:2:      layout_basic, nemelex_xobeh_ov_fountains_minmay, lemuel_round_altar,
          nicolae_gozag_seed_capital
D:3:      layout_rooms, elyvilon_altar_5, chequers_ecumenical_altar_island,
          first_ration
D:4:      layout_loops_corners, evilmike_ruin_ashenzari,
          minmay_temple_entry_statues_pillars, minmay_misc_feat_room,
          serial_bayou_pond_b
D:5:      layout_rooms, chequers_temple_overflow_statue_of_worship,
          uniq_menkaure, uniq_grinder
Temple:   jpeg_temple_alley_garden

Skill      XL: |  1  2  3  4  5  6  7  8 |
---------------+-------------------------+-----
Stealth        | 6 7 8 9 |  9.2
Dodging        | 2 3 |  3.0
Short Blades   | 3 4 5 |  5.4
Throwing       | 3 4 |  4.4
Invocations    | 1 2 3 |  3.5
Evocations     | 2 |  2.9
Fighting       | 3 |  3.3

Action                   |  1- 3 |  4- 6 |  7- 9 || total
-------------------------+-------+-------+-------++-------
Melee: Dagger            |    58 |    71 |       ||   129
       Tentacles         |    10 |    20 |    12 ||    42
       Constrict         |    17 |    27 |    11 ||    55
       Rapier            |       |    28 |    64 ||    92
Throw: Dart              |     5 |    54 |     4 ||    63
       Boomerang         |       |     1 |       ||     1
 Abil: Evoke Invisibilit |       |       |     1 ||     1
  Use: Scroll            |     7 |       |     4 ||    11
       Potion            |       |       |     1 ||     1
 Stab: Sleeping          |    16 |    10 |     5 ||    31
       Invisible         |       |       |     4 ||     4
  Eat: Chunk             |       |     8 |     1 ||     9
Armor: Skin              |     6 |     3 |     2 ||    11
Dodge: Dodged            |    34 |    53 |    39 ||   126

Table legend:
 A = Non-vault XP
 B = Vault XP
 C = Vault XP percentage of total XP
 D = Non-vault monster count
 E = Vault monster count
 F = Vault count percentage of total count
                 A         B        C        D         E       F
            +---------+---------+-------+---------+---------+-------
      Total |    1559 |     446 |  22.2 |     111 |       5 |   4.3
            +---------+---------+-------+---------+---------+-------
        D:1 |      48 |       0 |   0.0 |      27 |       0 |   0.0
        D:2 |      92 |       0 |   0.0 |      20 |       0 |   0.0
        D:3 |      88 |       0 |   0.0 |      18 |       0 |   0.0
        D:4 |     590 |       8 |   1.3 |      30 |       3 |   9.1
        D:5 |     741 |     438 |  37.2 |      16 |       2 |  11.1
            +---------+---------+-------+---------+---------+-------
